 Dungeon Crawl Stone Soup version 0.19-a0-473-g3ac10ee (webtiles) character file.

6551 Ordine the Thaumaturge (level 10, 0/50 HPs)
             Began as a Deep Elf Wizard on June 4, 2016.
             Was a Believer of Vehumet.
             Slain by an orc warrior
             ... wielding a +0 halberd
              (11 damage)
             ... on level 10 of the Dungeon.
             The game lasted 01:04:51 (13834 turns).

Ordine the Thaumaturge (Deep Elf Wizard)           Turns: 13834, Time: 01:04:52

Health: 0/50       AC:  7    Str:  4    XL:     10   Next: 70%
Magic:  4/36       EV: 13    Int: 32    God:    Vehumet [**....]
Gold:   236        SH:  0    Dex: 13    Spells: 7 memorised, 12 levels left

rFire  + . .     SeeInvis .     n - +6 rapier of Ixinuodu {flame, Int+2}
rCold  + . .     Gourm    .     t - +1 robe {rN+}
rNeg   + . .     Faith    .     (no shield)
rPois  .         Spirit   .     F - +1 helmet {Int+3}
rElec  .         Dismiss  .     f - +1 cloak
rCorr  .         Reflect  .     (no gloves)
SustAt .         Harm     .     e - +0 pair of boots
MR     ++...                    p - amulet of rage
Stlth  ++........               E - ring of flight
                                B - ring of magical power

@: lethally poisoned (0 -> -7), very slightly contaminated, repel missiles, very
resistant to hostile enchantments, unstealthy
A: cold resistance 1, deformed body, fire resistance 1, magic resistance 1
a: Renounce Religion, Evoke Berserk Rage, Evoke Flight


You were on level 10 of the Dungeon.
You worshipped Vehumet.
Vehumet was pleased with you.
You were hungry.

You visited 2 branches of the dungeon, and saw 11 of its levels.

You collected 676 gold pieces.
You spent 440 gold pieces at shops.

Inventory:

Hand Weapons
 n - the +6 rapier of Ixinuodu (weapon) {flame, Int+2}
   (You took it off a big kobold on level 9 of the Dungeon)

   It has been specially enchanted to burn those struck by it, causing extra
   injury to most foes and up to half again as much damage against particularly
   susceptible opponents.
   It affects your intelligence (+2).
 D - the +3 dagger of a Hundred Realms {pierce, rC+ rN++}
   (You found it on level 5 of the Dungeon)

   It inflicts extra damage upon your enemies.
   It protects you from cold.
   It greatly protects you from negative energy.
Armour
 e - a +0 pair of boots (worn)
 f - a +1 cloak (worn)
 t - a +1 robe of positive energy (worn)
 F - a +1 helmet of intelligence (worn)
Jewellery
 p - an amulet of rage (around neck)
 B - a ring of magical power (left hand)
 E - a ring of flight (right hand)
Wands
 a - a wand of disintegration (12/24)
 z - a wand of polymorph (12/24)
 G - a wand of flame (11/48)
 I - a wand of lightning (2/15)
Scrolls
 i - a scroll of fog
 j - 2 scrolls of magic mapping
 k - 2 scrolls of enchant armour
 r - 3 scrolls of teleportation
 u - a scroll of remove curse
 y - 4 scrolls of amnesia
Potions
 b - 2 potions of berserk rage
 h - 3 potions of haste
 o - 2 potions of lignification
 q - 2 potions of heal wounds
 s - 3 potions of curing
 v - 3 potions of flight
 w - 2 potions of might
 x - 3 potions of agility
 A - 2 potions of brilliance
 C - a potion of cancellation {unknown}
 H - a potion of cure mutation
Books
 c - a book of Minor Magic

   Spells                             Type                      Level
   a - Magic Dart                     Conjuration                  1
   b - Blink                          Translocation                2
   c - Call Imp                       Summoning                    2
   d - Repel Missiles                 Charms/Air                   2
   e - Slow                           Hexes                        2
   f - Conjure Flame                  Conjuration/Fire             3
   g - Mephitic Cloud                 Conjuration/Poison/Air       3
 J - a book of the Sky

   Spells                             Type                      Level
   a - Summon Lightning Spire         Summoning/Air                4
   b - Airstrike                      Air                          4
   c - Silence                        Hexes/Air                    5
   d - Deflect Missiles               Charms/Air                   6
   e - Conjure Ball Lightning         Conjuration/Air              6
   f - Tornado                        Air                          9
 K - a book of Transfigurations

   Spells                             Type                      Level
   a - Irradiate                      Conjuration/Transmutation    5
   b - Statue Form                    Transmutation/Earth          6
   c - Hydra Form                     Transmutation                6
   d - Dragon Form                    Transmutation                7
 L - a book of Alchemy

   Spells                             Type                      Level
   a - Sublimation of Blood           Necromancy                   2
   b - Ignite Poison                  Fire/Transmutation/Poison    3
   c - Petrify                        Transmutation/Earth          4
   d - Alistair's Intoxication        Transmutation/Poison         5
   e - Irradiate                      Conjuration/Transmutation    5
 M - a book of Envenomations

   Spells                             Type                      Level
   a - Spider Form                    Transmutation/Poison         3
   b - Olgreb's Toxic Radiance        Poison                       4
   c - Alistair's Intoxication        Transmutation/Poison         5
   d - Poisonous Cloud                Conjuration/Poison/Air       6
Comestibles
 d - 8 bread rations
 g - 3 beef jerkies
 l - 5 meat rations
 O - 15 fruits


   Skills:
 - Level 2.4 Dodging
 - Level 2.4 Stealth
 + Level 11.3 Spellcasting
 + Level 8.5 Conjurations
 - Level 3.0 Charms
 - Level 1.1 Summonings
 - Level 2.0 Translocations
 + Level 7.0 Fire Magic
 + Level 6.5 Air Magic
 + Level 7.5 Evocations


You had 12 spell levels left.
You knew the following spells:

 Your Spells              Type           Power        Failure   Level  Hunger
a - Magic Dart            Conj           ####         1%          1    None
b - Blink                 Tloc           N/A          1%          2    None
c - Conjure Flame         Conj/Fire      ######..     1%          3    None
d - Mephitic Cloud        Conj/Pois/Air  ######..     1%          3    None
e - Summon Lightning Spi  Summ/Air       #####...     8%          4    None
f - Airstrike             Air            ######....   1%          4    None
g - Repel Missiles        Chrm/Air       #####.       1%          2    None


Dungeon Overview and Level Annotations

Branches:
Dungeon (10/15)            Temple (1/1) D:4
   Lair: D:8-11         Orc: D:9-12

Altars:
Ashenzari
Cheibriados
Dithmenos
Elyvilon
Fedhas
Gozag
Hepliaklqana
Kikubaaqudgha
Makhleb
Nemelex Xobeh
Okawaru
Pakellas
Qazlal
Ru
Sif Muna
Trog
Uskayaw
Vehumet
Xom
Yredelemnul
Zin
The Shining One

Shops:
D:4 !   D:7 [%*


Innate Abilities, Weirdness & Mutations

Your flesh is cold resistant. (rC+)
Armour fits poorly on your strangely shaped body.
Your flesh is heat resistant. (rF+)
You are resistant to hostile enchantments. (MR+)


Message History

You are poisoned.
The killer bee poisons you!
Casting: Magic Dart
Confirm with . or Enter, or press ? or * to list all spells.
Aiming: Airstrike
Press: ? - help, Dir - move target cursor, f - killer bee, p - orc warrior
Aim: a killer bee The air twists around and violently strikes the killer bee!
You kill the killer bee!
Vehumet accepts your kill.
You feel your power returning.
You feel sick. The killer bee stings you.
* * * LOW HITPOINT WARNING * * *
You feel sick. The killer bee closely misses you.
You feel much better. The killer bee stings you!
* * * LOW HITPOINT WARNING * * *
You are more poisoned.
The killer bee poisons you! The killer bee misses you.
The orc warrior hits you from afar with a halberd!
You die...

#.........
#.##########.
#............
#.#####......
#.# #.#####
#o# #.# #o#
#.# #y# #.#
#@# #.# #.#
#.# #.# ###.#
#.# #..<#
#.###.#.#
#.....#.#
#######.# ..#
#.#


You could see an orc warrior, a killer bee and an orc.

Vanquished Creatures
  An unseen horror (D:10)
  Joseph (D:7)
  A polar bear (D:9)
  Prince Ribbit (D:7)
  Sigmund (D:5)
  2 wyverns
  A human (D:3)
  A yak (D:9)
  Eustachio (D:6)
  A hungry ghost (D:8)
  Edmund (D:6)
  A water moccasin (D:9)
  2 sky beasts (D:9)
  3 ice beasts
  A necrophage (D:9)
  3 phantoms
  A wolf (D:9)
  3 ogres
  2 centaurs
  A big kobold (D:9)
  2 giant frogs
  3 scorpions
  6 killer bees (D:10)
  A howler monkey (D:5)
  3 electric eels (D:9)
  2 crimson imps (D:9)
  A centaur zombie (D:5)
  2 giant frog zombies
  A jelly (D:8)
  A wyvern simulacrum (D:9)
  3 hounds
  5 orc priests
  8 orc wizards
  A giant frog skeleton (D:8)
  6 worker ants
  6 iguanas
  Natasha (twice) (D:4)
  A hound zombie (D:8)
  3 worker ant zombies
  Robin (D:4)
  7 gnolls
  15 adders
  A howler monkey skeleton (D:7)
  3 shadow imps
  A howler monkey simulacrum (D:9)
  2 white imps (D:9)
  An ufetubus (D:9)
  An ooze (D:1)
  An adder skeleton (D:5)
  6 worms
  2 dart slugs
  An adder simulacrum (D:9)
  4 giant geckos
  28 orcs
  4 giant cockroaches
  13 goblins
  9 hobgoblins
  4 jackals
  4 quokkas
  2 ball pythons
  9 bats
  2 giant newts
  15 kobolds
  A quokka skeleton (D:8)
  7 rats
230 creatures vanquished.

Vanquished Creatures (collateral kills)
  5 yaks (D:9)
  A quasit (D:8)
  An orc priest (D:8)
  3 orc wizards
  An adder (D:8)
  5 gnolls
  An adder zombie (D:10)
  An orc (D:10)
18 creatures vanquished.

Vanquished Creatures (others)
  An iguana (D:4)
  Natasha (D:4)
2 creatures vanquished.

Grand Total: 250 creatures vanquished

Notes
Turn   | Place    | Note
--------------------------------------------------------------
     0 | D:1      | Ordine the Deep Elf Wizard began the quest for the Orb.
     0 | D:1      | Reached XP level 1. HP: 10/10 MP: 7/7
   181 | D:1      | Reached XP level 2. HP: 15/15 MP: 0/9
   188 | D:1      | Learned a level 2 spell: Blink
   392 | D:1      | Reached skill level 5 in Spellcasting
   966 | D:2      | Found a sacrificial altar of Ru.
  1191 | D:2      | Reached XP level 3. HP: 19/19 MP: 5/11
  1213 | D:2      | Learned a level 3 spell: Conjure Flame
  1217 | D:2      | Learned a level 3 spell: Mephitic Cloud
  1220 | D:2      | Learned a level 2 spell: Repel Missiles
  1270 | D:2      | Found a faded altar of an unknown god.
  2203 | D:3      | Reached skill level 6 in Spellcasting
  2206 | D:3      | Reached XP level 4. HP: 24/24 MP: 9/14
  2492 | D:3      | Noticed a human
  2493 | D:3      | Found a runed door.
  2498 | D:3      | Found a basalt altar of Yredelemnul.
  2684 | D:3      | Reached skill level 1 in Charms
  2828 | D:3      | Killed a human
  2828 | D:3      | Reached skill level 7 in Spellcasting
  2828 | D:3      | Reached XP level 5. HP: 21/28 MP: 0/16
  2828 | D:3      | Reached XP level 6. HP: 24/32 MP: 0/18
  3134 | D:3      | Found a shadowy altar of Dithmenos.
  3135 | D:3      | Found a bloodstained altar of Trog.
  3449 | D:4      | Found a staircase to the Ecumenical Temple.
  3467 | Temple   | Entered the Ecumenical Temple
  4010 | D:4      | Found a stormy altar of Qazlal.
  4067 | D:4      | Found Rofasuti's Distillery.
  4068 | D:4      | Found an iron altar of Okawaru.
  4077 | D:4      | Bought a potion of heal wounds for 60 gold pieces
  4077 | D:4      | Bought a potion of might for 48 gold pieces
  4077 | D:4      | Bought a potion of agility for 48 gold pieces
  4077 | D:4      | Bought a potion of degeneration for 12 gold pieces
  4077 | D:4      | Bought a potion of flight for 36 gold pieces
  4077 | D:4      | Bought a potion of heal wounds for 60 gold pieces
  4278 | D:4      | Noticed Robin
  4512 | D:3      | Reached skill level 1 in Evocations
  4762 | D:3      | Reached skill level 8 in Spellcasting
  4967 | D:3      | Reached skill level 1 in Air Magic
  4967 | D:3      | Reached XP level 7. HP: 23/36 MP: 12/20
  5088 | D:4      | Killed Robin
  5283 | D:4      | Found a burning altar of Makhleb.
  5283 | D:4      | Found a shattered altar of Ashenzari.
  5338 | D:4      | Noticed Natasha
  5341 | D:4      | Killed Natasha
  5341 | D:4      | Reached skill level 1 in Fire Magic
  5511 | D:4      | Noticed Natasha
  5516 | D:4      | Killed Natasha
  5638 | D:4      | Killed Natasha
  6094 | D:5      | Entered Level 5 of the Dungeon
  6112 | D:5      | Noticed Sigmund
  6121 | D:5      | Killed Sigmund
  6246 | D:5      | Reached skill level 5 in Conjurations
  6390 | D:5      | Reached XP level 8. HP: 33/41 MP: 8/22
  6953 | D:5      | Found an iron altar of Okawaru.
  7076 | D:5      | Reached skill level 9 in Spellcasting
  7326 | D:5      | Got an ancient dagger
  7327 | D:5      | Identified the cursed +3 dagger of a Hundred Realms {pierce, rC+ rN++} (You found it on level 5 of the Dungeon)
  7720 | D:6      | Noticed Eustachio
  7749 | D:6      | Killed Eustachio
  7766 | D:6      | Noticed Edmund
  7836 | D:6      | Killed Edmund
  8719 | D:7      | Reached XP level 9. HP: 45/45 MP: 24/24
  8789 | D:7      | Found Nitamup's General Store.
  8798 | D:7      | Bought a wand of lightning (5/15) for 144 gold pieces
  8819 | D:7      | Found Sipsiso's Food Emporium.
  8846 | D:7      | Found Orest's Antique Armour Shoppe.
  8877 | D:7      | Bought a scroll of identify for 32 gold pieces
  9000 | D:7      | Noticed Prince Ribbit
  9012 | D:7      | Killed Prince Ribbit
  9012 | D:7      | Reached skill level 5 in Evocations
  9239 | D:7      | Noticed Joseph
  9254 | D:7      | Killed Joseph
  9474 | D:7      | Found a radiant altar of Vehumet.
  9474 | D:7      | Found an oddly glowing altar of Pakellas.
  9500 | D:7      | Became a worshipper of Vehumet
  9871 | D:7      | Reached skill level 10 in Spellcasting
  9936 | D:8      | Learned a level 4 spell: Airstrike
  9956 | D:8      | Reached skill level 5 in Fire Magic
 10168 | D:8      | Learned a level 4 spell: Summon Lightning Spire
 10380 | D:8      | Reached * piety under Vehumet
 10380 | D:8      | Offered knowledge of Shock by Vehumet.
 10663 | D:8      | Reached skill level 5 in Air Magic
 11185 | D:9      | Found a hazy altar of Hepliaklqana.
 11188 | D:9      | Gained mutation: Your flesh is heat resistant. (rF+) [potion of mutation]
 11188 | D:9      | Gained mutation: Armour fits poorly on your strangely shaped body. [potion of mutation]
 11189 | D:9      | Gained mutation: Your flesh is cold resistant. (rC+) [potion of mutation]
 11189 | D:9      | Gained mutation: Your mind is acute. (Int +2) [potion of mutation]
 11189 | D:9      | Lost mutation: Your mind is acute. (Int +2) [potion of mutation]
 11412 | D:9      | Reached XP level 10. HP: 50/50 MP: 26/26
 12251 | D:9      | Reached ** piety under Vehumet
 12251 | D:9      | Offered knowledge of Throw Frost by Vehumet.
 12260 | D:9      | Got a translucent rapier {flame}
 12340 | D:9      | Identified the +6 rapier of Ixinuodu {flame, Int+2} (You took it off a big kobold on level 9 of the Dungeon)
 12415 | D:9      | Got a heavily runed scale mail
 12581 | D:9      | Identified the cursed +1 scale mail of Thank Me Later {-Cast rElec rN+ Str+6} (You found it on level 9 of the Dungeon)
 12848 | D:9      | You fall through a shaft!
 12848 | D:10     | Entered Level 10 of the Dungeon
 12990 | D:9      | Found a blossoming altar of Fedhas.
 13161 | D:9      | Reached skill level 11 in Spellcasting
 13549 | D:9      | Offered knowledge of Throw Flame by Vehumet.
 13677 | D:9      | Gained mutation: You are resistant to hostile enchantments. (MR+) [potion of beneficial mutation]
 13707 | D:10     | Killed an unseen horror
 13834 | D:10     | Slain by an orc warrior

Vault maps used:
D:1:      dpeg_arrival_long_road, st_stairs_10
D:2:      ecumenical_altar_2, first_bread, nicolae_ru_awakened_eye
D:3:      gammafunk_temple_overflow_statue, dk_yredelemnul_ordeal
D:4:      overflow_temple_1_default, gammafunk_temple_overflow_wave,
          grunt_qazlal_clouds, minmay_temple_entry_glass, serial_shops,
          shop_fountains, dk_noncrumbling_4, uniq_robin, uniq_natasha
D:5:      okawaru_gym_becter, uniq_sigmund
D:6:      uniq_edmund, uniq_eustachio
D:7:      grunt_temple_overflow_open, serial_shops, shop, shop, shop_coins,
          uniq_joseph, uniq_prince_ribbit1
D:9:      lemuel_crystal_altar, serial_ice, serial_ice_l, serial_ice_c,
          serial_ice_n, serial_ice_o, serial_ice_g, serial_ice_d,
          hangedman_tree_tricks, kennysheep_generic_room_10
D:10:     lemuel_bear_cage, orc_0_dummy, kb_xom_exploding_sheep, uniq_maud,
          uniq_snorg
Temple:   triangle_lava_temple_12

Skill      XL: |  1  2  3  4  5  6  7  8  9 10 |
---------------+-------------------------------+-----
Spellcasting   | 5 6 7 8 9 10 11 | 11.3
Conjurations   | 2 3 4 5 6 7 8 |  8.5
Translocations | 2 |  2.0
Charms         | 2 3 |  3.0
Evocations     | 1 3 4 6 7 |  7.5
Air Magic      | 1 2 3 5 6 |  6.5
Fire Magic     | 2 4 5 7 |  7.0
Dodging        | |  2.4
Stealth        | |  2.4
Summonings     | |  1.1

Action                   |  1- 3 |  4- 6 |  7- 9 | 10-12 || total
-------------------------+-------+-------+-------+-------++-------
Melee: Dagger            |     1 |    26 |     1 |       ||    28
       Rapier            |       |       |       |     2 ||     2
 Cast: Magic Dart        |   113 |   188 |   412 |    18 ||   731
       Conjure Flame     |     1 |     2 |     8 |     3 ||    14
       Repel Missiles    |     1 |     1 |     1 |       ||     3
       Blink             |       |     6 |    12 |     1 ||    19
       Mephitic Cloud    |       |       |    15 |       ||    15
       Airstrike         |       |       |    40 |    79 ||   119
       Summon Lightning  |       |       |     4 |     3 ||     7
Evoke: Wand              |       |       |       |     3 ||     3
  Use: Scroll            |     5 |     3 |    10 |     3 ||    21
       Potion            |     1 |     1 |     2 |     6 ||    10
  Eat: Chunk             |     4 |     8 |    18 |     5 ||    35
       Fruit             |       |       |     2 |       ||     2
       Beef jerky        |       |       |       |     1 ||     1
Armor: Robe              |     5 |    26 |    60 |    11 ||   102
       Skin              |       |    25 |       |       ||    25
Dodge: Dodged            |    20 |    52 |   118 |    23 ||   213
       Deflected         |     1 |     1 |     5 |       ||     7
